[Event "Titled Tuesday Blitz January 10 Early 2023"]
[White "Papasimakopoulos, Alexandros"]
[Black "Le, Tuan Minh"]
[WhiteFideId "4244125"]
[BlackFideId "12401153"]
[WhiteElo "2401"]
[BlackElo "2542"]
[Result "0-1"]
[Round "07"]
[TimeControl "180+2"]
[Date "2023.01.10"]
[WhiteClock "0:00:13"]
[BlackClock "0:00:55"]

1. d4 d5 2. c4 c6 3. cxd5 cxd5 4. Bf4 Nf6 5. Nc3 Nc6 6. e3 a6 7. Bd3 Bg4 8. Nge2 e6 9. Rc1 Bd6 10. f3 Bh5 11. O-O O-O 12. Na4 Re8 13. Bxd6 Qxd6 14. Nf4 Bg6 15. Nxg6 hxg6 16. f4 Rac8 17. Nc5 Rc7 18. Qb3 Qe7 19. Qb6 Rec8 20. Rc3 Ng4 21. Be2 Nh6 22. Rfc1 Nd8 23. Bd3 g5 24. Nb3 Rxc3 25. Rxc3 Rxc3 26. bxc3 Ng4 27. f5 exf5 28. e4 fxe4 29. Be2 Nf6 30. Nc5 e3 31. h3 g6 32. a4 Nh5 33. Bxh5 gxh5 34. Kf1 Ne6 35. Nd3 Qf6+ 36. Ke1 Qf5 37. Ke2 Nf4+ 38. Nxf4 gxf4 39. Qb2 Qg6 40. Kf1 Qd3+ 41. Ke1 b5 42. axb5 axb5 43. h4 Kg7 44. Qa2 Qxc3+ 45. Ke2 Qc4+ 0-1


[Site "https://www.chess.com"]

[Event "Titled Tuesday Blitz January 10 Early 2023"]
[White "Oparin, Grigoriy"]
[Black "Hsu, Li Yang"]
[WhiteFideId "24125890"]
[BlackFideId "5800080"]
[WhiteElo "2667"]
[BlackElo "2427"]
[Result "1-0"]
[Round "07"]
[TimeControl "180+2"]
[Date "2023.01.10"]
[WhiteClock "0:01:15"]
[BlackClock "0:00:01"]

1. e4 c6 2. Nc3 d5 3. Nf3 Bg4 4. h3 Bxf3 5. Qxf3 e6 6. Be2 Nf6 7. O-O dxe4 8. Nxe4 Nxe4 9. Qxe4 Nd7 10. d4 Nf6 11. Qd3 Be7 12. Bf3 O-O 13. Rd1 Qc7 14. b3 Rfd8 15. Bb2 Rd7 16. c4 Rad8 17. Qe3 Ne8 18. Rd3 Bf6 19. Rad1 g6 20. Qe2 Nd6 21. d5 Bxb2 22. dxe6 fxe6 23. Qxe6+ Kg7 24. c5 Ba3 25. Qe5+ Kg8 26. Bg4 Nf7 27. Qxc7 Rxc7 28. Rxd8+ Nxd8 29. Rxd8+ Kg7 30. g3 Bxc5 31. Kg2 b5 32. f4 Bb6 33. Be2 a6 34. Rd6 Bc5 35. Rd1 Bb6 36. h4 Kf7 37. h5 Ke7 38. hxg6 hxg6 39. Bf3 c5 40. Be4 c4 41. Bxg6 c3 42. Kf3 Bc5 43. Bc2 Bd6 44. g4 Bb4 45. g5 Rd7 46. Rxd7+ Kxd7 47. Ke4 Bf8 48. f5 Kd6 49. Kd4 b4 50. Ke4 a5 51. Bd3 1-0


[Site "https://www.chess.com"]

[Event "Titled Tuesday Blitz January 10 Early 2023"]
[White "Keymer, Vincent"]
[Black "Godzwon, Iwo"]
[WhiteFideId "12940690"]
[BlackFideId "21802483"]
[WhiteElo "2700"]
[BlackElo "2394"]
[Result "1-0"]
[Round "07"]
[TimeControl "180+2"]
[Date "2023.01.10"]
[WhiteClock "0:00:43"]
[BlackClock "0:00:04"]

1. a3 d5 2. Nf3 Bg4 3. d4 Nd7 4. c4 dxc4 5. e3 Nb6 6. Nbd2 e6 7. h3 Bh5 8. Nxc4 Nf6 9. b4 Be7 10. Bb2 O-O 11. Nce5 Nfd7 12. Nd3 Nc4 13. Bc3 a5 14. Be2 Ndb6 15. O-O Nd5 16. Qb3 Nxc3 17. Qxc3 Nd6 18. Nf4 Bg6 19. Nxg6 hxg6 20. bxa5 c6 21. a6 bxa6 22. Ne5 Bf6 23. Nxc6 Qd7 24. Rfc1 Nb5 25. Qa5 Rfc8 26. a4 Nd6 27. Bf3 Rc7 28. Ne7+ Qxe7 29. Rxc7 1-0


[Site "https://www.chess.com"]

[Event "Titled Tuesday Blitz January 10 Early 2023"]
[White "Dominguez Perez, Leinier"]
[Black "Shuvalova, Polina"]
[WhiteFideId "3503240"]
[BlackFideId "24171760"]
[WhiteElo "2739"]
[BlackElo "2484"]
[Result "1-0"]
[Round "07"]
[TimeControl "180+2"]
[Date "2023.01.10"]
[WhiteClock "0:00:04"]
[BlackClock "0:00:04"]

1. e4 e5 2. Nf3 Nc6 3. Bb5 a6 4. Ba4 Nf6 5. O-O Be7 6. Re1 b5 7. Bb3 O-O 8. a4 Bb7 9. d3 d6 10. Nbd2 h6 11. Nf1 Re8 12. Ne3 Bf8 13. Bd2 Ne7 14. h3 Ng6 15. c4 bxc4 16. Bxc4 Qd7 17. b4 d5 18. exd5 Nxd5 19. Qb3 Ndf4 20. Nh2 Rad8 21. Rad1 Nh4 22. f3 Ne6 23. Bc3 Ng6 24. Neg4 Nd4 25. Qb2 Bc6 26. a5 Bb7 27. Ne3 Kh8 28. Qa2 Ne6 29. Neg4 f6 30. Ne3 Ngf4 31. Qb1 c5 32. b5 Rb8 33. b6 Nd4 34. Qa2 Bc6 35. Qf2 Bb7 36. Nc2 Rbd8 37. Nxd4 exd4 38. Bd2 Nd5 39. Rxe8 Rxe8 40. Re1 Bd6 41. Nf1 Be5 42. Re2 Nf4 43. Bxf4 Bxf4 44. Qe1 Re5 45. Rxe5 Bxe5 46. Qd2 Qf5 47. Qe1 Kh7 48. Qe2 Qf4 49. g3 Qc1 50. Kg2 h5 51. Kf2 Qa1 52. f4 Bd6 53. Qxh5# 1-0


[Site "https://www.chess.com"]

[Event "Titled Tuesday Blitz January 10 Early 2023"]
[White "Jones, Gawain C B"]
[Black "Sokolovsky, Yahli"]
[WhiteFideId "409561"]
[BlackFideId "2820242"]
[WhiteElo "2618"]
[BlackElo "2461"]
[Result "1-0"]
[Round "07"]
[TimeControl "180+2"]
[Date "2023.01.10"]
[WhiteClock "0:01:04"]
[BlackClock "0:00:03"]

1. e4 d6 2. Nc3 g6 3. f4 Bg7 4. Nf3 Nc6 5. Bb5 e5 6. fxe5 dxe5 7. O-O Ne7 8. d3 O-O 9. Kh1 Bg4 10. Bc4 Nd4 11. Bg5 c6 12. Qd2 Nxf3 13. gxf3 Bh3 14. Rg1 Be6 15. Bxe6 fxe6 16. Rg3 Qd7 17. Nd1 c5 18. Ne3 Nc6 19. Ng4 Nd4 20. Rf1 Rf7 21. Nh6+ Bxh6 22. Bxh6 Qe7 23. c3 Nc6 24. Qg2 Qf6 25. f4 Kh8 26. Bg5 Qg7 27. fxe5 Nxe5 28. Rxf7 Nxf7 29. Be7 b6 30. Qh3 Re8 31. Bh4 g5 32. Rg1 Qh6 33. Qf1 Rf8 34. Bg3 Kg8 35. Qe2 Qg7 36. Bf4 h6 37. Qg4 Qf6 38. h4 Kg7 39. hxg5 hxg5 40. Bxg5 Rh8+ 41. Bh6+ 1-0


[Site "https://www.chess.com"]

[Event "Titled Tuesday Blitz January 10 Early 2023"]
[White "Ibarra Jerez, Jose Carlos"]
[Black "Taboas Rodriguez, Daniel"]
[WhiteFideId "2226332"]
[BlackFideId "2208466"]
[WhiteElo "2563"]
[BlackElo "2371"]
[Result "0-1"]
[Round "07"]
[TimeControl "180+2"]
[Date "2023.01.10"]
[WhiteClock "0:00:02"]
[BlackClock "0:00:04"]

1. e4 e5 2. Nf3 Nc6 3. d4 exd4 4. Nxd4 Nf6 5. Nxc6 bxc6 6. e5 Qe7 7. Qe2 Nd5 8. Nd2 d6 9. Nc4 dxe5 10. Qxe5 Qxe5+ 11. Nxe5 Nb4 12. Bd3 Bd6 13. Nc4 Be6 14. Nxd6+ cxd6 15. Be4 Bd5 16. Bxd5 Nxd5 17. Bd2 Kd7 18. O-O-O Rhe8 19. c4 Nb6 20. b3 Re2 21. Rhf1 Rae8 22. Kc2 d5 23. c5 Na8 24. Kd3 Nc7 25. b4 a6 26. Rde1 Rxe1 27. Bxe1 Re4 28. f3 Rc4 29. Bd2 Ne6 30. g3 Rd4+ 31. Ke2 Rc4 32. Kd3 Rd4+ 33. Kc2 Rc4+ 34. Kb2 Rd4 35. Bc3 Rc4 36. Rd1 f5 37. Kb3 g5 38. a3 h5 39. Rd3 g4 40. f4 Re4 41. Rd2 Re3 42. Kb2 Nc7 43. Bd4 Re4 44. Be5 Nb5 45. Kb3 Re3+ 46. Kb2 Nxa3 47. Ka2 Nc4 48. Rf2 Nxe5 49. fxe5 Rxe5 50. Kb3 Ke6 51. Ka4 Re1 52. Ka5 Rb1 53. Rf4 Ke5 54. Kxa6 d4 55. Kb6 Rxb4+ 56. Kxc6 Rb2 57. Kd7 Rxh2 58. c6 Rc2 59. Rf1 d3 60. c7 Ke4 61. Re1+ Kf3 62. Rf1+ Kxg3 63. Rxf5 d2 64. Rd5 h4 65. Rd3+ Kf4 66. Rd4+ Kf3 67. Rd3+ Ke4 68. Rd6 h3 69. Re6+ Kf5 70. Rd6 g3 71. Kc8 g2 72. Kb7 g1=Q 73. Rd5+ Ke6 74. Rxd2 Qg2+ 75. Kb8 Qxd2 76. c8=Q+ Rxc8+ 77. Ka7 h2 78. Kb7 Qc3 79. Ka6 Rc4 80. Kb5 Rb4+ 0-1


[Site "https://www.chess.com"]

[Event "Titled Tuesday Blitz January 10 Early 2023"]
[White "Pultinevicius, Paulius"]
[Black "Dehtiarov, Roman"]
[WhiteFideId "12809390"]
[BlackFideId "14186640"]
[WhiteElo "2537"]
[BlackElo "2289"]
[Result "0-1"]
[Round "07"]
[TimeControl "180+2"]
[Date "2023.01.10"]
[WhiteClock "0:00:15"]
[BlackClock "0:00:17"]

1. d4 Nf6 2. Bf4 d5 3. e3 c5 4. c3 Nc6 5. Nd2 e6 6. Ngf3 Bd6 7. Bg3 O-O 8. Bb5 Qe7 9. Bxc6 bxc6 10. Qa4 cxd4 11. exd4 Bd7 12. Nb3 Bxg3 13. hxg3 Ne4 14. Nfd2 Nxd2 15. Kxd2 e5 16. dxe5 Qxe5 17. Rae1 Qf6 18. Qf4 Qxf4+ 19. gxf4 Rfe8 20. Nc5 Bf5 21. Rxe8+ Rxe8 22. f3 g6 23. g4 Bc8 24. g5 Kg7 25. Re1 Rxe1 26. Kxe1 f6 27. Kf2 Kf7 28. Ke3 Ke7 29. Kd4 fxg5 30. fxg5 Kd6 31. b4 Bf5 32. a4 Bc8 33. c4 dxc4 34. Ne4+ Ke6 35. Kxc4 Ba6+ 36. Kc5 Be2 37. f4 Bf3 38. Nd6 Kd7 39. a5 Kc7 40. Ne8+ Kd7 41. Nf6+ Ke6 42. Nxh7 Kf5 43. Nf8 Be4 44. Kd6 Kxf4 45. Ne6+ Kf5 46. a6 Bd5 47. Nd4+ Kxg5 48. b5 cxb5 49. Kxd5 b4 50. Kc4 Kf6 51. Nb5 Ke6 52. Nxa7 Kd6 53. Nb5+ Kc6 54. a7 Kb7 55. Kxb4 g5 56. Kc4 g4 57. Kd3 g3 58. Ke2 g2 59. Ke3 g1=Q+ 0-1


[Site "https://www.chess.com"]

[Event "Titled Tuesday Blitz January 10 Early 2023"]
[White "Blanco Ronquillo, Humberto L."]
[Black "Alexakis, Dimitris"]
[WhiteFideId "3504239"]
[BlackFideId "4277023"]
[WhiteElo "2442"]
[BlackElo "2436"]
[Result "0-1"]
[Round "07"]
[TimeControl "180+2"]
[Date "2023.01.10"]
[WhiteClock "0:00:08"]
[BlackClock "0:00:11"]

1. e4 c5 2. Nf3 Nc6 3. Bb5 g6 4. Bxc6 bxc6 5. O-O Bg7 6. Re1 Rb8 7. c3 Nf6 8. d4 cxd4 9. cxd4 O-O 10. Nc3 d6 11. h3 Nd7 12. b3 c5 13. Be3 Bb7 14. Rc1 Rc8 15. Qd2 a6 16. Nd5 e6 17. Nc3 Qe7 18. Bg5 Bf6 19. Bh6 Bg7 20. Bxg7 Kxg7 21. Na4 Rfd8 22. dxc5 Nxc5 23. Nxc5 dxc5 24. Qa5 Qc7 25. Qc3+ f6 26. Qe3 e5 27. Rc4 Qa5 28. Ra4 Qb5 29. Rc1 Rd3 30. Qe1 Qd7 31. Rac4 Qd6 32. R4c3 Rxc3 33. Rxc3 Qc6 34. Nd2 Rd8 35. f3 Qd6 36. Nc4 Qd4+ 37. Kh2 h5 38. Qc1 Bc8 39. Ne3 f5 40. Rxc5 f4 41. Nd5 Be6 42. Rc7+ Kh6 43. Rc4 Qf2 44. Nxf4 Rd2 45. Qxd2 Qxd2 46. Nxe6 Qxa2 47. Nc5 h4 48. Ra4 Qc2 49. Ra5 Qc3 50. Nb7 Qb4 51. Rxe5 Qxb7 52. f4 Qxb3 0-1


[Site "https://www.chess.com"]

[Event "Titled Tuesday Blitz January 10 Early 2023"]
[White "Vakhlamov, Igor L."]
[Black "Piesik, Piotr"]
[WhiteFideId "24126748"]
[BlackFideId "1136194"]
[WhiteElo "2413"]
[BlackElo "2426"]
[Result "0-1"]
[Round "07"]
[TimeControl "180+2"]
[Date "2023.01.10"]
[WhiteClock "0:00:39"]
[BlackClock "0:01:38"]

1. e4 g6 2. d4 Bg7 3. Nf3 c6 4. Nc3 d6 5. Bc4 Nf6 6. a4 O-O 7. Bb3 Bg4 8. O-O Nbd7 9. h3 Bxf3 10. Qxf3 Qc7 11. Be3 b6 12. Rad1 a6 13. Rfe1 b5 14. axb5 axb5 15. Ne2 c5 16. dxc5 Nxc5 17. Bxc5 Qxc5 18. Nc3 b4 19. Nd5 Nxd5 20. exd5 Ra7 21. Rb1 Rfa8 22. g3 Bf6 23. h4 h5 24. Kg2 Ra5 25. Qf4 Kg7 26. Re4 Ra1 27. Rxa1 Rxa1 28. Rxb4 Bxb2 29. Ra4 Rb1 30. Qe4 Bf6 31. Qe2 Qc3 32. Ra7 Re1 33. Qc4 Qd2 34. Qc8 Qd1 35. Qh8+ Kxh8 0-1


[Site "https://www.chess.com"]

[Event "Titled Tuesday Blitz January 10 Early 2023"]
[White "Hamley, Ryan"]
[Black "Pakleza, Zbigniew"]
[WhiteFideId "30959497"]
[BlackFideId "1119290"]
[WhiteElo "2092"]
[BlackElo "2494"]
[Result "1/2-1/2"]
[Round "07"]
[TimeControl "180+2"]
[Date "2023.01.10"]
[WhiteClock "0:00:19"]
[BlackClock "0:00:06"]

1. d4 d6 2. c4 e5 3. Nf3 exd4 4. Nxd4 g6 5. Nc3 Bg7 6. g3 Ne7 7. Bg2 O-O 8. O-O Nd7 9. e4 Nc6 10. Be3 Nde5 11. Nxc6 bxc6 12. Qe2 Be6 13. b3 Nxc4 14. Rac1 Nxe3 15. Qxe3 c5 16. e5 Rb8 17. exd6 cxd6 18. Nd5 Qa5 19. Rc2 Rfe8 20. Qf4 Be5 21. Qg5 Kg7 22. Re2 f6 23. Qc1 Bf7 24. Rfe1 Bd4 25. Re7 Qxa2 26. Qf4 Qxb3 27. Qxd6 Rbd8 28. Qc7 Rxe7 29. Rxe7 Qd1+ 30. Bf1 Rf8 31. Nf4 Kg8 32. Ne6 Qd2 33. Nxd4 Qxd4 34. Rd7 Qe5 35. Qxa7 h5 36. h4 g5 37. hxg5 fxg5 38. Rc7 c4 39. Rxf7 Rxf7 40. Bxc4 Qf6 41. Bxf7+ Qxf7 42. Qc5 Qf6 43. Qd5+ Kg7 44. Qd7+ Kg6 45. Qd3+ Qf5 46. Qd6+ Qf6 47. Qd3+ Qf5 48. Qd6+ Qf6 49. Qd3+ 1/2-1/2


[Site "https://www.chess.com"]

[Event "Titled Tuesday Blitz January 10 Early 2023"]
[White "Mikhailovsky, Vladimir"]
[Black "Oro, Faustino"]
[WhiteFideId "34105414"]
[BlackFideId "20000197"]
[WhiteElo "2215"]
[BlackElo "2269"]
[Result "1-0"]
[Round "07"]
[TimeControl "180+2"]
[Date "2023.01.10"]
[WhiteClock "0:00:09"]
[BlackClock "0:00:04"]

1. d4 Nf6 2. c4 e6 3. Nc3 Bb4 4. e3 d5 5. a3 Bxc3+ 6. bxc3 O-O 7. cxd5 exd5 8. Bd3 c5 9. Ne2 Qc7 10. O-O Re8 11. f3 b6 12. Ng3 Ba6 13. Ra2 Bxd3 14. Qxd3 Nc6 15. e4 cxd4 16. cxd4 Rac8 17. e5 Nd7 18. Nf5 Re6 19. Rc2 Rd8 20. Bg5 f6 21. Rfc1 Rde8 22. Nd6 Ndb8 23. Nxe8 Rxe8 24. exf6 g6 25. Bh4 Qf4 26. Bg3 Qxd4+ 27. Qxd4 Nxd4 28. Rc8 Kf7 29. Rxe8 Kxe8 30. Rc8+ 1-0


[Site "https://www.chess.com"]

[Event "Titled Tuesday Blitz January 10 Early 2023"]
[White "Harsha Bharathakoti"]
[Black "Ashraf, Artin"]
[WhiteFideId "5078776"]
[BlackFideId "22514805"]
[WhiteElo "2602"]
[BlackElo "2314"]
[Result "1-0"]
[Round "07"]
[TimeControl "180+2"]
[Date "2023.01.10"]
[WhiteClock "0:00:06"]
[BlackClock "0:00:02"]

1. e4 c5 2. Nc3 Nc6 3. Bb5 Nd4 4. Nf3 g6 5. Nxd4 cxd4 6. Ne2 a6 7. Bc4 Bg7 8. c3 dxc3 9. dxc3 d6 10. Qb3 e6 11. O-O Ne7 12. Rd1 O-O 13. a4 Nc6 14. Qc2 Qe7 15. Be3 Bd7 16. Bb6 Ne5 17. Bb3 Bc6 18. Nd4 Nd7 19. Nxc6 bxc6 20. Be3 Rab8 21. a5 d5 22. Ba4 Rfc8 23. Qe2 Nc5 24. Bxc5 Qxc5 25. Qxa6 Ra8 26. Qf1 Rcb8 27. b4 Qxc3 28. Rac1 Qxb4 29. Bxc6 Rxa5 30. exd5 exd5 31. Bxd5 Ra7 32. Qe2 Re7 33. Qf3 h5 34. g3 Rbe8 35. Kg2 Qb6 36. Rc6 Qb2 37. Rxg6 Kf8 38. Rg5 Re5 39. Rxh5 R5e7 40. Rf5 f6 41. Qg4 Qe2 42. Bf3 Qe6 43. h4 Qf7 44. Rd4 Re5 45. Rxe5 Rxe5 46. Rd8+ Re8 47. Rd7 Re7 48. Bd5 Qe8 49. Rd6 Re5 50. Qf3 Qe7 51. Rc6 Bh6 52. Rxf6+ 1-0


[Site "https://www.chess.com"]

[Event "Titled Tuesday Blitz January 10 Early 2023"]
[White "Royal, Shreyas"]
[Black "Neiksans, Arturs"]
[WhiteFideId "448869"]
[BlackFideId "11601388"]
[WhiteElo "2438"]
[BlackElo "2615"]
[Result "0-1"]
[Round "07"]
[TimeControl "180+2"]
[Date "2023.01.10"]
[WhiteClock "0:00:21"]
[BlackClock "0:00:21"]

1. e4 c5 2. Nf3 e6 3. Nc3 a6 4. d4 cxd4 5. Nxd4 b5 6. Be3 Bb7 7. Bd3 Nf6 8. f3 Qc7 9. Qd2 b4 10. Na4 d5 11. O-O-O Nbd7 12. Rhe1 Bd6 13. Kb1 O-O 14. g4 e5 15. Nf5 d4 16. Bh6 gxh6 17. Qxh6 Ne8 18. g5 Kh8 19. Rg1 Rg8 20. Rg3 Bf8 21. Qh5 Rg6 22. Rh3 h6 23. Nh4 Qc6 24. Bc4 Rxg5 25. Qxf7 Rg7 26. Qf5 Qf6 27. Qh5 Rg5 28. Qf7 Qxf7 29. Bxf7 Nd6 30. Be6 Bc6 31. b3 Bxa4 32. bxa4 Nc5 33. Bd5 Ra7 34. a5 Na4 35. Rf1 Nc3+ 36. Kb2 Nxd5 37. exd5 Rf7 38. f4 Rxf4 39. Rxf4 exf4 40. Rf3 Rg4 41. Rxf4 Rxf4 42. Ng6+ Kg8 43. Nxf4 Nb7 44. Ne6 Nxa5 45. Kc1 Kf7 46. Nxd4 Bc5 47. Ne6 Bd6 48. Kd2 Bxh2 49. Nc5 Bd6 50. Nxa6 h5 51. Ke2 h4 52. Kf3 Nc4 53. Kg4 Ne3+ 54. Kh3 Nf5 55. Kg4 Kf6 56. Kh3 Kg5 0-1


[Site "https://www.chess.com"]

[Event "Titled Tuesday Blitz January 10 Early 2023"]
[White "Mahdavi, Reza"]
[Black "Yaksin, Oleg"]
[WhiteFideId "12595926"]
[BlackFideId "24105880"]
[WhiteElo "2339"]
[BlackElo "2389"]
[Result "1/2-1/2"]
[Round "07"]
[TimeControl "180+2"]
[Date "2023.01.10"]
[WhiteClock "0:00:07"]
[BlackClock "0:00:05"]

1. e4 c5 2. Nf3 d6 3. Bb5+ Bd7 4. Bxd7+ Qxd7 5. O-O Nc6 6. c3 Nf6 7. Re1 e6 8. d4 cxd4 9. cxd4 d5 10. e5 Ne4 11. Nbd2 Nxd2 12. Bxd2 Be7 13. Rc1 O-O 14. Rc3 Rfc8 15. a3 Nd8 16. Rd3 Qb5 17. Rb3 Qa6 18. Rf1 Nc6 19. Rc3 Qb6 20. Rb3 Qa6 21. Rc3 Na5 22. Rxc8+ Rxc8 23. Qa4 Nc6 24. Qxa6 bxa6 25. Rc1 Kf8 26. b4 Ke8 27. Kf1 Kd7 28. Ke2 Bd8 29. Kd3 h6 30. Rc2 Rb8 31. Ne1 a5 32. Rb2 axb4 33. axb4 a5 34. Nc2 axb4 35. Bxb4 Nxb4+ 36. Rxb4 Rxb4 37. Nxb4 Ba5 38. Nc2 Ke7 39. f4 f5 40. exf6+ gxf6 41. Ne3 f5 42. g4 fxg4 43. Nxg4 h5 44. Ne5 Kf6 45. Ke3 Kf5 46. Kf3 Bd2 47. Nd3 Bc3 48. Ke3 Ba5 49. h3 Bc7 50. Kf3 Bd6 51. Ke3 Bc7 52. Kf3 Bd6 53. Ke3 Bc7 1/2-1/2


[Site "https://www.chess.com"]

[Event "Titled Tuesday Blitz January 10 Early 2023"]
[White "Yuan, Qingyu"]
[Black "Manelyuk, Daniil"]
[WhiteFideId "8609772"]
[BlackFideId "44173920"]
[WhiteElo "2373"]
[BlackElo "2302"]
[Result "1/2-1/2"]
[Round "07"]
[TimeControl "180+2"]
[Date "2023.01.10"]
[WhiteClock "0:00:12"]
[BlackClock "0:00:14"]

1. e4 e6 2. d4 d5 3. Nd2 Be7 4. Ngf3 Nf6 5. Bd3 c5 6. dxc5 O-O 7. O-O Nc6 8. c3 Bxc5 9. e5 Nd7 10. Nb3 Be7 11. Re1 b6 12. Bf4 a5 13. a4 Ba6 14. Bb5 Bxb5 15. axb5 Na7 16. Nbd4 Qc7 17. Bg5 Bxg5 18. Nxg5 h6 19. Ngxe6 fxe6 20. Nxe6 Qc4 21. Ra4 Qxb5 22. Rd4 Qxb2 23. Re2 Qxc3 24. Nxf8 Nxf8 25. e6 Re8 26. Re3 Qc8 27. e7 Ng6 28. Rxd5 Nc6 29. Rd6 Ngxe7 30. Qe2 Rd8 31. Rxd8+ Qxd8 32. h3 a4 33. Qb5 Qd1+ 34. Kh2 Qd6+ 35. Kg1 a3 36. Qb3+ Kh7 37. Qxa3 Qxa3 38. Rxa3 b5 39. Ra6 b4 40. Rb6 Kg6 41. Kf1 Kf5 42. Ke2 Ke4 43. g4 Kd4 44. h4 Kc5 45. Rb7 b3 46. Kd3 Ne5+ 47. Kc3 Nd5+ 48. Kxb3 Nxg4 49. f3 Ne5 50. Rxg7 Nxf3 51. Rh7 Nxh4 52. Rxh6 Nf5 53. Rh5 Nd4+ 54. Kb2 Nb5 55. Kc2 Nd4+ 56. Kd1 Nb5 57. Kd2 Nd4 58. Rh8 Nb5 59. Kd3 Nb4+ 60. Ke4 Nd6+ 61. Ke5 Nc4+ 62. Ke6 Nc6 63. Rc8 Nb6 64. Rh8 Nd5 65. Rh5 Nb4 66. Rg5 Kc6 67. Rg1 Kc5 68. Rc1+ Kd4 69. Rd1+ Kc5 70. Rh1 Kd4 71. Kd6 Nf4 72. Rh4 Nd3 73. Rg4 Ke4 74. Rg1 Ne5 75. Re1+ Kd4 76. Rxe5 Nd3 77. Rd5+ Kc4 78. Rh5 Nb4 79. Rh4+ Kc3 80. Kc5 Nd3+ 81. Kd5 Nb4+ 82. Ke4 Kc4 83. Rh8 Kc5 84. Rc8+ Kb5 85. Kd4 Nc6+ 86. Ke4 Nb4 87. Rc1 Kb6 88. Kd4 Nc6+ 89. Kd5 Nb4+ 90. Kc4 Nc6 91. Rg1 Kc7 92. Kc5 Kd7 93. Rg7+ Ne7 94. Rh7 Ke6 95. Rh6+ Ke5 96. Rh1 Nf5 97. Re1+ Kf4 98. Kd5 Ne3+ 99. Kd4 Nf5+ 100. Kd3 Kg5 101. Ke4 Nd6+ 102. Ke5 Nf7+ 103. Ke6 Nh6 104. Ke5 Ng4+ 105. Ke6 Nh6 106. Re2 Ng4 107. Rg2 Kf4 108. Rg1 Kf3 109. Kf5 Ne3+ 110. Ke5 Ng4+ 111. Kd4 Kf4 112. Rf1+ Kg5 113. Rf3 Nf6 114. Rg3+ Kf5 115. Rg1 Ke6 116. Rg6 Kf5 117. Rh6 Ke6 118. Ke3 Kf5 119. Rh1 Ke5 120. Rg1 Nd5+ 121. Kf3 Kf5 122. Ra1 Nf6 123. Ra5+ Ke6 124. Kf4 Nd5+ 125. Ke4 Nf6+ 126. Kd4 1/2-1/2


[Site "https://www.chess.com"]

[Event "Titled Tuesday Blitz January 10 Early 2023"]
[White "Preotu, Razvan"]
[Black "Al-Tarboush, Ward"]
[WhiteFideId "2613280"]
[BlackFideId "7601450"]
[WhiteElo "2475"]
[BlackElo "2256"]
[Result "1-0"]
[Round "07"]
[TimeControl "180+2"]
[Date "2023.01.10"]
[WhiteClock "0:00:05"]
[BlackClock "0:00:02"]

1. e4 c5 2. Nf3 Nc6 3. Bb5 e6 4. O-O Nge7 5. Re1 Nd4 6. Nxd4 cxd4 7. c3 a6 8. Bf1 Nc6 9. Na3 Bxa3 10. bxa3 O-O 11. cxd4 Nxd4 12. Bb2 e5 13. Bxd4 exd4 14. Qa4 Qb6 15. Rab1 Qc5 16. Rb4 b5 17. Bxb5 d5 18. Bc6 Ra7 19. Bxd5 Bd7 20. Qb3 Rc7 21. Rc4 Qa7 22. Rec1 Rxc4 23. Qxc4 g6 24. Qb4 Bb5 25. Qd6 d3 26. Rc7 Qb8 27. Qe7 Qd8 28. Bxf7+ Kg7 29. Qxd8 Rxd8 30. Bd5+ Kh6 31. f4 Rb8 32. g4 Ba4 33. g5+ Kh5 34. Be6 Rh8 35. Kf2 Kh4 36. Rc3 Bc2 37. e5 h6 38. gxh6 Rxh6 39. h3 g5 40. f5 g4 41. hxg4 Kxg4 42. f6+ Kg5 43. Ke3 Kh4 44. f7 Rh8 45. Bd5 Kg3 46. e6 Rh3 47. e7 Kh2+ 48. Kd4 Rh4+ 49. Kc5 1-0


[Site "https://www.chess.com"]

[Event "Titled Tuesday Blitz January 10 Early 2023"]
[White "Rakhmanov, Aleksandr"]
[Black "Novik, Maxim"]
[WhiteFideId "4173708"]
[BlackFideId "4102924"]
[WhiteElo "2632"]
[BlackElo "2436"]
[Result "1-0"]
[Round "07"]
[TimeControl "180+2"]
[Date "2023.01.10"]
[WhiteClock "0:00:33"]
[BlackClock "0:00:03"]

1. d4 Nf6 2. c4 g6 3. Nc3 d5 4. cxd5 Nxd5 5. Nf3 Bg7 6. Qa4+ Bd7 7. Qa3 Nxc3 8. bxc3 O-O 9. Bg5 Re8 10. e3 b6 11. Be2 Bc6 12. O-O Bb7 13. Rfd1 Nd7 14. Rac1 Nf6 15. c4 Ne4 16. Bf4 Qc8 17. c5 Bd5 18. Ba6 Qf5 19. h3 c6 20. Bb7 b5 21. Bxa8 Rxa8 22. Qa6 g5 23. Bh2 g4 24. hxg4 Qxg4 25. Qb7 Re8 26. Qc7 e5 27. dxe5 Ng5 28. Ne1 Nh3+ 29. Kf1 Bc4+ 30. Rxc4 Qxc4+ 31. Rd3 Ng5 32. Qd7 Rf8 33. Qd4 Qxa2 34. Qg4 Ne6 35. e4 Qc4 36. Kg1 Qc1 37. Rd1 Qg5 38. Qf5 Qxf5 39. exf5 Nxc5 40. Rc1 Nd3 41. Nxd3 Rd8 42. f6 Rxd3 43. fxg7 Kxg7 44. Bg3 a5 45. Rxc6 a4 46. Ra6 a3 47. Bh4 b4 48. Bf6+ Kg6 49. Be7+ Kf5 50. Bxb4 Kxe5 51. Bxa3 1-0


[Site "https://www.chess.com"]

[Event "Titled Tuesday Blitz January 10 Early 2023"]
[White "Janaszak, Dawid"]
[Black "Aradhya, Garg"]
[WhiteFideId "1119206"]
[BlackFideId "25006746"]
[WhiteElo "2316"]
[BlackElo "2284"]
[Result "0-1"]
[Round "07"]
[TimeControl "180+2"]
[Date "2023.01.10"]
[WhiteClock "0:01:30"]
[BlackClock "0:01:04"]

1. d4 d5 2. Bf4 c5 3. e3 Nc6 4. Nf3 cxd4 5. exd4 Bf5 6. c3 e6 7. Bd3 Bxd3 8. Qxd3 Bd6 9. Bg3 Nf6 10. Nbd2 O-O 11. Bh4 Ne7 12. Bxf6 gxf6 13. O-O-O b5 14. Qxb5 Rb8 15. Qa4 Qb6 16. Qc2 Qa6 17. Kb1 Rfc8 18. Ka1 Rb5 19. Qd3 Rcb8 20. b4 Qa4 21. Rb1 a5 22. bxa5 Qxa2+ 0-1


[Site "https://www.chess.com"]

[Event "Titled Tuesday Blitz January 10 Early 2023"]
[White "Samunenkov, Ihor"]
[Black "Bazarov, Konstantin"]
[WhiteFideId "14187086"]
[BlackFideId "4137000"]
[WhiteElo "2501"]
[BlackElo "2235"]
[Result "1-0"]
[Round "07"]
[TimeControl "180+2"]
[Date "2023.01.10"]
[WhiteClock "0:00:13"]
[BlackClock "0:00:04"]

1. e4 b6 2. d4 Bb7 3. Bd3 e6 4. Nf3 Nf6 5. Qe2 Be7 6. e5 Nd5 7. Be4 Qc8 8. c4 Nb4 9. a3 N4a6 10. O-O d6 11. Nc3 Bxe4 12. Qxe4 Nd7 13. b4 dxe5 14. dxe5 O-O 15. Bg5 Qd8 16. Bxe7 Qxe7 17. Qb7 Nxb4 18. axb4 Qxb4 19. Nb5 Qxc4 20. Nxa7 Rfb8 21. Qc6 Qxc6 22. Nxc6 Re8 23. Nfd4 f6 24. Nb5 Rac8 25. Ra7 Nxe5 26. Nxe5 fxe5 27. Rxc7 Rxc7 28. Nxc7 Rc8 29. Nb5 Kf8 30. g3 Ke7 31. Rb1 Rc5 32. Rb3 Kd7 33. Nc3 Kc7 34. Kf1 Kc6 35. Ke2 b5 36. Kd3 h6 37. h4 g6 38. Rb2 e4+ 39. Nxe4 Rd5+ 40. Ke3 Rd1 41. Nc3 Ra1 42. Nxb5 e5 43. Nc3 Kc5 44. Ne4+ Kd5 45. Rd2+ Kc4 46. Rd6 Re1+ 47. Kf3 Ra1 48. Rxg6 Kd4 49. Rd6+ Kc4 50. Rxh6 Ra3+ 51. Kg2 Ra8 52. Rd6 Re8 53. h5 Kb5 54. h6 Rh8 55. g4 Rg8 56. g5 Kc4 57. h7 Rh8 58. g6 Rf8 59. g7 Rf4 60. g8=Q+ Kb4 61. Rb6+ 1-0


[Site "https://www.chess.com"]

[Event "Titled Tuesday Blitz January 10 Early 2023"]
[White "Garakov, Mikhael"]
[Black "Halkias, Stelios"]
[WhiteFideId "4169034"]
[BlackFideId "4201809"]
[WhiteElo "2447"]
[BlackElo "2511"]
[Result "1-0"]
[Round "07"]
[TimeControl "180+2"]
[Date "2023.01.10"]
[WhiteClock "0:00:02"]
[BlackClock "0:00:32"]

1. e4 c5 2. Nf3 Nc6 3. Bb5 d6 4. c3 Nf6 5. Qe2 Bd7 6. d4 cxd4 7. cxd4 Rc8 8. Nc3 e5 9. Bxc6 Bxc6 10. dxe5 dxe5 11. Nxe5 Bb4 12. Nxc6 Rxc6 13. O-O O-O 14. Bg5 Bxc3 15. bxc3 h6 16. Bh4 Rxc3 17. e5 Qd4 18. Bxf6 gxf6 19. e6 Qe5 20. Qd2 Rc6 21. Rae1 Qg5 22. Re3 Kh8 23. e7 Re8 24. Qd7 Rcc8 25. Qxb7 f5 26. Qxa7 f4 27. Qd4+ Kh7 28. Re5 Qf6 29. Qe4+ Kh8 30. Re1 Rc6 31. Rf5 Qc3 32. Rxf7 Rg6 33. Rf8+ Kg7 34. Rxe8 f3 35. Rg8+ Kxg8 36. e8=Q+ Kh7 37. Q4xg6# 1-0


[Site "https://www.chess.com"]